[Event "Titled Tuesday Blitz March 29 Late 2022"]
[White "Chernobay, Artem"]
[Black "Hess, Robert"]
[WhiteFideId "4167406"]
[BlackFideId "2022036"]
[WhiteElo "2473"]
[BlackElo "2557"]
[Result "0-1"]
[Round "03"]
[TimeControl "180+1"]
[Date "2022.03.29"]
[WhiteClock "0:00:05"]
[BlackClock "0:00:17"]

1. e4 g6 2. d4 Bg7 3. Nc3 a6 4. f4 d6 5. Nf3 e6 6. Bd3 Ne7 7. O-O b5 8. a4 b4 9. Ne2 d5 10. a5 Bb7 11. e5 c5 12. dxc5 Nd7 13. Be3 Nc6 14. Qe1 Bf8 15. Qf2 Nxa5 16. g4 Nc4 17. Bd4 Qc7 18. f5 gxf5 19. gxf5 O-O-O 20. b3 Nxc5 21. bxc4 dxc4 22. Bxc4 Ne4 23. Bxe6+ fxe6 24. Qe3 exf5 25. Kh1 Bc5 26. Bxc5 Qxc5 27. Qxc5+ Nxc5 28. Ng3 f4 29. Nh5 Ne4 30. Nf6 Nd2 31. Rg1 Bxf3+ 0-1


[Site "https://www.chess.com"]

[Event "Titled Tuesday Blitz March 29 Late 2022"]
[White "Dahlgren, James Allen"]
[Black "Fathy, Elameir"]
[WhiteFideId "22256873"]
[BlackFideId "10600396"]
[WhiteElo "2141"]
[BlackElo "2311"]
[Result "0-1"]
[Round "03"]
[TimeControl "180+1"]
[Date "2022.03.30"]
[WhiteClock "0:01:52"]
[BlackClock "0:01:32"]

1. f4 d5 2. Nf3 Nf6 3. b3 Bg4 4. Bb2 Nbd7 5. e3 e6 6. Be2 Bd6 7. d3 c6 8. Nbd2 O-O 9. h3 Bxf3 10. Nxf3 Qc7 11. g4 e5 12. f5 e4 13. Nd4 Bg3+ 14. Kd2 exd3 15. Bxd3 Rfe8 16. g5 Ne4+ 17. Bxe4 Rxe4 18. Qf3 Rae8 19. Rag1 Rxe3 20. Qxe3 Bf4 21. Qxf4 Qxf4+ 22. Kd1 c5 23. Ne2 Qxf5 24. Rf1 Qg6 25. h4 Qh5 26. Rh2 d4 27. Ke1 Ne5 28. Bc1 Nf3+ 0-1


[Site "https://www.chess.com"]

[Event "Titled Tuesday Blitz March 29 Late 2022"]
[White "De La Colina, Nicolas"]
[Black "Chyngyz, Sultai"]
[WhiteFideId "30946921"]
[BlackFideId "13803158"]
[WhiteElo "2046"]
[BlackElo "1365"]
[Result "1-0"]
[Round "03"]
[TimeControl "180+1"]
[Date "2022.03.30"]
[WhiteClock "0:02:15"]
[BlackClock "0:02:31"]

1. e4 c5 2. c3 d5 3. exd5 Qxd5 4. d4 g6 5. Nf3 Bg7 6. c4 Qe4+ 7. Be2 cxd4 8. O-O e5 9. Re1 Qc6 10. Nxd4 Qb6 11. Nb5 Ne7 12. Be3 Qf6 13. Nc7+ Kf8 14. Qd8# 1-0


[Site "https://www.chess.com"]

[Event "Titled Tuesday Blitz March 29 Late 2022"]
[White "Demchenko, Anton"]
[Black "Martin Duque, Jesus"]
[WhiteFideId "4160258"]
[BlackFideId "2208954"]
[WhiteElo "2539"]
[BlackElo "2243"]
[Result "1-0"]
[Round "03"]
[TimeControl "180+1"]
[Date "2022.03.30"]
[WhiteClock "0:00:07"]
[BlackClock "0:00:09"]

1. e4 c5 2. Nf3 e6 3. d4 cxd4 4. Nxd4 Nc6 5. Nb5 d6 6. Bf4 e5 7. Be3 Be7 8. c4 Nf6 9. N1c3 a6 10. Na3 O-O 11. Be2 Be6 12. O-O Nd7 13. Qd2 Rc8 14. Rfd1 h6 15. Rac1 Kh8 16. Nc2 f5 17. exf5 Bxf5 18. b3 Qa5 19. Bd3 Be6 20. Ne4 Qxd2 21. Bxd2 Nd4 22. Be3 Nf5 23. Bd2 Nd4 24. Bc3 Nxc2 25. Bxc2 Rc6 26. Bb4 Nc5 27. Nxc5 dxc5 28. Bc3 Bg5 29. Rb1 Bf5 30. Bxf5 Rxf5 31. Re1 Re6 32. f3 b5 33. Re4 b4 34. Bb2 Rd6 35. Re2 a5 36. Bxe5 Rd3 37. Rf1 a4 38. f4 Bd8 39. Rf3 Rxf3 40. gxf3 axb3 41. axb3 Bf6 42. Kf2 Bh4+ 43. Ke3 Rf8 44. Ke4 Rd8 45. Re3 Rd1 46. Rd3 Re1+ 47. Kf5 Bf2 48. Rd8+ Kh7 49. Rd7 Rg1 50. Ke6 Be3 51. f5 Bf2 52. f6 Rg6 53. f4 Bh4 54. Rf7 Rxf6+ 55. Bxf6 Bxf6 56. Rc7 Bd4 57. f5 Bc3 58. h3 Bd4 59. Kf7 h5 60. Rc6 h4 61. Rg6 Bf2 62. Rg4 Bd4 63. Rxh4# 1-0


[Site "https://www.chess.com"]

[Event "Titled Tuesday Blitz March 29 Late 2022"]
[White "Denishev, Marat"]
[Black "Theodorou, Nikolas"]
[WhiteFideId "24131563"]
[BlackFideId "4262875"]
[WhiteElo "2197"]
[BlackElo "2472"]
[Result "0-1"]
[Round "03"]
[TimeControl "180+1"]
[Date "2022.03.29"]
[WhiteClock "0:00:20"]
[BlackClock "0:00:38"]

1. c4 Nf6 2. g3 g6 3. Bg2 Bg7 4. Nc3 O-O 5. e4 d6 6. Nge2 c5 7. d3 Nc6 8. O-O Bg4 9. h3 Be6 10. Be3 Rb8 11. f4 a6 12. g4 b5 13. f5 Bd7 14. g5 Nh5 15. Nd5 bxc4 16. dxc4 Rxb2 17. Nef4 Nxf4 18. Rxf4 Be5 19. Rh4 e6 20. Nf4 Nd4 21. f6 Bc6 22. Qg4 Nf5 23. Rxh7 Bxf4 24. exf5 Bxe3+ 25. Kf1 Bxg2+ 26. Ke1 Bf2+ 27. Kd1 Kxh7 0-1


[Site "https://www.chess.com"]

[Event "Titled Tuesday Blitz March 29 Late 2022"]
[White "Diaz Perez, Michel Alejandro"]
[Black "Sliwicki, Damian"]
[WhiteFideId "3517179"]
[BlackFideId "1127128"]
[WhiteElo "2337"]
[BlackElo "2067"]
[Result "1-0"]
[Round "03"]
[TimeControl "180+1"]
[Date "2022.03.30"]
[WhiteClock "0:01:40"]
[BlackClock "0:00:18"]

1. d4 Nf6 2. c4 e6 3. Nf3 d5 4. g3 dxc4 5. Qa4+ Nc6 6. Qxc4 Be7 7. Bg2 O-O 8. O-O Nd5 9. Rd1 Nb6 10. Qb3 Na5 11. Qc2 Bd7 12. Nc3 Rc8 13. a3 c5 14. dxc5 Bxc5 15. Ng5 g6 16. Qe4 h6 17. Nf3 Qe7 18. Bxh6 Rfd8 19. Bg5 Qe8 20. Qh4 Bf8 21. Ne4 1-0


[Site "https://www.chess.com"]

[Event "Titled Tuesday Blitz March 29 Late 2022"]
[White "Dimakiling, Oliver"]
[Black "Golubev, Mikhail"]
[WhiteFideId "5202248"]
[BlackFideId "14100983"]
[WhiteElo "2426"]
[BlackElo "2374"]
[Result "1-0"]
[Round "03"]
[TimeControl "180+1"]
[Date "2022.03.30"]
[WhiteClock "0:01:16"]
[BlackClock "0:00:10"]

1. d4 Nf6 2. Nf3 d6 3. Bf4 g6 4. h3 Bg7 5. Nbd2 O-O 6. e3 b6 7. c3 Bb7 8. a4 a6 9. Qb1 Nbd7 10. Be2 e5 11. dxe5 dxe5 12. Bh2 e4 13. Nd4 c5 14. Nc2 Qe7 15. Nc4 Qe6 16. O-O Bd5 17. N2a3 Rac8 18. Rd1 Rc6 19. Rd2 h5 20. Qd1 Re8 21. Nd6 Rxd6 22. Bxd6 Qxd6 23. c4 Ne5 24. cxd5 h4 25. Bxa6 Nh7 26. Nc4 Nxc4 27. Bxc4 f5 28. a5 Rb8 29. a6 Nf6 30. a7 Ra8 31. Bb5 Nh5 32. Bc6 Rf8 33. a8=Q Rxa8 34. Rxa8+ Kh7 35. Re8 1-0


[Site "https://www.chess.com"]

[Event "Titled Tuesday Blitz March 29 Late 2022"]
[White "Dounis, Alexandros"]
[Black "Rasulov, Vugar"]
[WhiteFideId "4213238"]
[BlackFideId "13402390"]
[WhiteElo "2204"]
[BlackElo "2560"]
[Result "0-1"]
[Round "03"]
[TimeControl "180+1"]
[Date "2022.03.30"]
[WhiteClock "0:00:11"]
[BlackClock "0:01:26"]

1. Nf3 d5 2. g3 c6 3. Bg2 Nf6 4. O-O Bf5 5. d3 e6 6. Nh4 Bg6 7. Nxg6 hxg6 8. e4 Nbd7 9. Qe2 Bd6 10. f4 Bc7 11. e5 Ng8 12. Nd2 Ne7 13. Nf3 Nf5 14. d4 Bb6 15. c3 c5 16. Rd1 cxd4 17. cxd4 Rc8 18. b3 Nb8 19. g4 Nh4 20. Be3 Nc6 21. Bf2 Nxf3+ 22. Qxf3 Qe7 23. Rac1 Qa3 24. f5 O-O 25. f6 Nxd4 26. Bxd4 Bxd4+ 27. Rxd4 Rxc1+ 28. Bf1 Qc5 29. Qf2 Rc2 30. Qe3 Rxa2 31. fxg7 Kxg7 32. h4 Rb2 33. h5 Rxb3 34. Qf2 Kg8 35. h6 Kh7 36. Qh4 Qxd4+ 0-1


[Site "https://www.chess.com"]

[Event "Titled Tuesday Blitz March 29 Late 2022"]
[White "Dubov, Daniil"]
[Black "Hambleton, Aman"]
[WhiteFideId "24126055"]
[BlackFideId "2606577"]
[WhiteElo "2791"]
[BlackElo "2552"]
[Result "1-0"]
[Round "03"]
[TimeControl "180+1"]
[Date "2022.03.29"]
[WhiteClock "0:02:37"]
[BlackClock "0:01:00"]

1. d4 Nf6 2. Nf3 e6 3. c4 b6 4. g3 Ba6 5. Qc2 Bb7 6. Bg2 Bb4+ 7. Nbd2 Be4 8. Qd1 O-O 9. O-O Bxd2 10. Qxd2 d6 11. b3 c5 12. Bb2 Nc6 13. dxc5 dxc5 14. Qf4 Qe7 15. Bxf6 1-0


[Site "https://www.chess.com"]

[Event "Titled Tuesday Blitz March 29 Late 2022"]
[White "Fedoseev, Vladimir"]
[Black "Srinath, Rao S.V."]
[WhiteFideId "24130737"]
[BlackFideId "5028876"]
[WhiteElo "2726"]
[BlackElo "2181"]
[Result "1-0"]
[Round "03"]
[TimeControl "180+1"]
[Date "2022.03.29"]
[WhiteClock "0:01:45"]
[BlackClock "0:01:17"]

1. e4 e6 2. d4 d5 3. e5 c5 4. c3 Bd7 5. Nf3 Qb6 6. Be2 Nc6 7. O-O f6 8. dxc5 Bxc5 9. b4 Be7 10. Be3 Qc7 11. exf6 Nxf6 12. b5 Ne5 13. Nxe5 Qxe5 14. Nd2 Qxc3 15. Nf3 O-O 16. a4 Ne4 17. Bd4 Qc7 18. Bd3 Bf6 19. Rc1 Qd8 20. Ne5 Bxe5 21. Bxe5 Qg5 22. f4 Qg6 23. Rc7 Rf7 24. Rxb7 Be8 25. Rxf7 Bxf7 26. Qc2 Qf5 27. a5 Bg6 28. b6 Qf7 29. Qc6 1-0


[Site "https://www.chess.com"]

[Event "Titled Tuesday Blitz March 29 Late 2022"]
[White "Fernandez Siles, Luis"]
[Black "Bogumil, Tatiana"]
[WhiteFideId "2209420"]
[BlackFideId "4110579"]
[WhiteElo "2212"]
[BlackElo "1761"]
[Result "1-0"]
[Round "03"]
[TimeControl "180+1"]
[Date "2022.03.30"]
[WhiteClock "0:00:30"]
[BlackClock "0:00:01"]

1. e4 c5 2. Nf3 d6 3. Bb5+ Bd7 4. Bxd7+ Qxd7 5. O-O Nc6 6. Re1 e6 7. c3 Nf6 8. d4 cxd4 9. cxd4 d5 10. e5 Ne4 11. Nbd2 Bb4 12. Re3 Nxd2 13. Bxd2 Bxd2 14. Qxd2 O-O 15. h4 Rac8 16. h5 Qe7 17. h6 g6 18. Rc1 a6 19. Rec3 Na7 20. Nh2 Rxc3 21. Rxc3 f5 22. exf6 Qxf6 23. Rc7 Nb5 24. Rg7+ Kh8 25. Nf3 Rf7 26. Rxf7 Qxf7 27. Qg5 Qf8 28. Qe5+ Kg8 29. Qxe6+ Qf7 30. Qc8+ Qf8 31. Qxb7 Qxh6 32. Qxd5+ Kg7 33. Qe5+ Kg8 34. Qe6+ Kg7 35. Qe7+ Kg8 36. Qg5 Qf8 37. Qd5+ Kg7 38. Ne5 Qf4 39. Qd7+ Kh6 40. Qh3+ Kg7 41. Qe3 Qf5 42. Nf3 Qb1+ 43. Kh2 Qxb2 44. Qe5+ Kf7 45. Ng5+ Kg8 46. Qe6+ 1-0


[Site "https://www.chess.com"]

[Event "Titled Tuesday Blitz March 29 Late 2022"]
[White "Fiol, Fabrice"]
[Black "Eames, Robert S"]
[WhiteFideId "611670"]
[BlackFideId "408743"]
[WhiteElo "2398"]
[BlackElo "2105"]
[Result "1-0"]
[Round "03"]
[TimeControl "180+1"]
[Date "2022.03.30"]
[WhiteClock "0:00:23"]
[BlackClock "0:00:10"]

1. e4 e6 2. d3 d5 3. Nd2 Nf6 4. Ngf3 Nc6 5. Be2 Bc5 6. O-O dxe4 7. Nxe4 Nxe4 8. dxe4 Qe7 9. c3 a5 10. a3 a4 11. Bb5 O-O 12. Bxa4 e5 13. h3 Nd8 14. Bg5 f6 15. Bd2 Ne6 16. b4 Bd6 17. Bb3 Kh8 18. Nh4 g6 19. Nf3 b6 20. Re1 Ba6 21. c4 Rad8 22. Qc2 g5 23. Bc3 Nf4 24. Kh2 Qg7 25. g3 Nxh3 26. Kxh3 g4+ 27. Kg2 gxf3+ 28. Kxf3 Bb7 29. Kg2 f5 30. f3 Rf6 31. c5 Rg6 32. Qf2 f4 33. g4 Rxg4+ 34. fxg4 Qxg4+ 35. Kh1 Qh5+ 36. Qh2 Qf3+ 37. Qg2 Qh5+ 38. Kg1 Rg8 39. Qxg8# 1-0


[Site "https://www.chess.com"]

[Event "Titled Tuesday Blitz March 29 Late 2022"]
[White "Fishbein, Alexander"]
[Black "Manelyuk, Daniil"]
[WhiteFideId "2000377"]
[BlackFideId "44173920"]
[WhiteElo "2442"]
[BlackElo "2222"]
[Result "1-0"]
[Round "03"]
[TimeControl "180+1"]
[Date "2022.03.30"]
[WhiteClock "0:00:33"]
[BlackClock "0:00:10"]

1. e4 e6 2. d4 d5 3. exd5 exd5 4. Nf3 Bd6 5. c4 c6 6. Nc3 Ne7 7. Bd3 dxc4 8. Bxc4 O-O 9. O-O Nd7 10. Bg5 Nb6 11. Bb3 h6 12. Bxe7 Bxe7 13. Ne5 Bf6 14. Qh5 Bxe5 15. dxe5 Be6 16. Rad1 Qe7 17. Bc2 Rad8 18. Ne4 Qb4 19. Nf6+ Kh8 20. a3 Qf4 21. g3 Qc4 22. Bb1 Nd5 23. Ne4 Ne7 24. Rxd8 Rxd8 25. Nd6 Qb3 26. Qh4 Rd7 27. Qb4 Qxb4 28. axb4 b6 29. Be4 Kg8 30. Rc1 Bd5 31. Bxd5 cxd5 32. f4 g6 33. Kf2 Nf5 34. Nxf5 gxf5 35. Rc6 Kg7 36. Ke3 d4+ 37. Kd3 Rd5 38. Rd6 Rxd6 39. exd6 Kf6 40. Kxd4 Ke6 41. d7 Kxd7 42. Ke5 Kc6 43. Kxf5 Kb5 44. Kf6 Kc4 45. Kxf7 Kb3 46. f5 Kxb2 47. f6 a5 48. bxa5 bxa5 49. Ke7 a4 50. f7 a3 51. f8=Q a2 52. Qxh6 a1=Q 53. Qf6+ Kb1 54. Qxa1+ 1-0


[Site "https://www.chess.com"]

[Event "Titled Tuesday Blitz March 29 Late 2022"]
[White "Goltsev, Dmitry"]
[Black "Vovk, Orest"]
[WhiteFideId "24176710"]
[BlackFideId "14113490"]
[WhiteElo "2273"]
[BlackElo "2203"]
[Result "0-1"]
[Round "03"]
[TimeControl "180+1"]
[Date "2022.03.30"]
[WhiteClock "0:00:10"]
[BlackClock "0:00:12"]

1. e4 g5 2. d4 h6 3. h4 g4 4. Qxg4 d5 5. Qf3 dxe4 6. Qxe4 Nf6 7. Qd3 Nc6 8. c3 Qd5 9. Nf3 Bg4 10. Be2 O-O-O 11. Bf4 Rg8 12. Nbd2 Nh5 13. Bh2 Bf5 14. Qe3 Rxg2 15. Bc4 Qd7 16. Bxf7 Nf6 17. Bg3 e6 18. Kf1 Rxg3 19. fxg3 Qxf7 20. Kg2 Ng4 21. Qe2 e5 22. Rhf1 exd4 23. Nxd4 Nxd4 24. cxd4 Rxd4 25. Nb3 Qd5+ 26. Kg1 Re4 27. Qf3 Bc5+ 28. Nxc5 Qxc5+ 29. Kh1 Ne3 30. Rac1 Qe5 31. Rf2 Rxh4+ 32. Kg1 Rh3 33. Qf4 Rxg3+ 34. Kh2 Rh3+ 35. Kg1 Qxf4 36. Rxf4 b6 37. Rc3 Bd7 38. Re4 Nd5 39. Rc1 Kb7 40. Rd4 Bc6 41. b4 Nxb4 42. Rc3 Rxc3 43. Rxb4 Rc1+ 44. Kf2 Rc2+ 45. Ke3 Rxa2 46. Rh4 Ra5 47. Kd4 Rc5 48. Rxh6 a5 49. Rh8 a4 50. Ra8 Kxa8 0-1


[Site "https://www.chess.com"]

[Event "Titled Tuesday Blitz March 29 Late 2022"]
[White "Goryachkina, Aleksandra"]
[Black "Romero Ruscalleda, Josep"]
[WhiteFideId "4147103"]
[BlackFideId "2231859"]
[WhiteElo "2426"]
[BlackElo "2321"]
[Result "0-1"]
[Round "03"]
[TimeControl "180+1"]
[Date "2022.03.29"]
[WhiteClock "0:00:01"]
[BlackClock "0:00:25"]

1. e4 g6 2. d4 Bg7 3. c4 d6 4. Nc3 Nc6 5. Be3 e5 6. d5 Nce7 7. Bd3 f5 8. f3 Nf6 9. Nge2 O-O 10. Qc2 a6 11. O-O-O fxe4 12. Nxe4 Nf5 13. Bg5 Bh6 14. Bxh6 Nxh6 15. h4 Nf5 16. Qd2 Nxe4 17. fxe4 Ng7 18. Ng3 Bg4 19. Be2 Qd7 20. h5 gxh5 21. Rh4 Rf4 22. Bxg4 Rxg4 23. Nxh5 Nxh5 24. Rxh5 Rf8 25. Rdh1 Rg7 26. a3 Rf4 27. Qe2 b6 28. Kb1 Qf7 29. g3 Rf2 30. Qe1 Qf3 31. Ka1 Re2 32. Qc1 Qb3 33. Rg5 Rg6 34. Rgh5 Rc2 35. Qb1 Rg7 36. g4 Qxc4 37. g5 Qxe4 38. g6 Qxg6 39. Rh6 Qd3 40. R6h3 Qc4 41. Rh4 Qc5 42. Rh5 Rcg2 0-1


[Site "https://www.chess.com"]

[Event "Titled Tuesday Blitz March 29 Late 2022"]
[White "Guz, Ari"]
[Black "Holt, Conrad"]
[WhiteFideId "2825759"]
[BlackFideId "2034387"]
[WhiteElo "1913"]
[BlackElo "2586"]
[Result "1/2-1/2"]
[Round "03"]
[TimeControl "180+1"]
[Date "2022.03.29"]
[WhiteClock "0:00:46"]
[BlackClock "0:00:05"]

1. e4 e6 2. d4 d5 3. exd5 exd5 4. Bd3 Nc6 5. c3 Bd6 6. Ne2 Qh4 7. Be3 Nf6 8. Nd2 Ng4 9. Nf3 Nxe3 10. Nxh4 Nxd1 11. Rxd1 Ne7 12. Nf3 Bg4 13. Ne5 Bh5 14. f3 f6 15. Ng4 Kd7 16. Kf2 Rae8 17. Ne3 Bf7 18. h4 h5 19. Ng3 g6 20. Ne2 f5 21. g3 Ng8 22. Nf4 Nf6 23. Rde1 Re7 24. Neg2 Rhe8 25. Rxe7+ Bxe7 26. b4 Ra8 27. a4 a5 28. b5 c5 29. bxc6+ Kxc6 30. Bb5+ Kd6 31. Nd3 Nd7 32. Bxd7 Kxd7 33. Ne5+ Ke8 34. Nxf7 Kxf7 35. Nf4 Rc8 36. Rb1 Rxc3 37. Rxb7 Rc2+ 38. Ke3 Ke8 39. Nxd5 Bd6 40. f4 Ra2 41. Nc3 Ra3 42. Kd3 Bb4 43. Rc7 Kd8 44. Rc4 Kd7 45. d5 Kd6 46. Rc6+ Kd7 47. Rc4 Kd6 48. Rc6+ Kd7 49. Rc4 1/2-1/2


[Site "https://www.chess.com"]

[Event "Titled Tuesday Blitz March 29 Late 2022"]
[White "Hakobyan, Aram"]
[Black "Gledura, Benjamin"]
[WhiteFideId "13306677"]
[BlackFideId "712779"]
[WhiteElo "2557"]
[BlackElo "2326"]
[Result "0-1"]
[Round "03"]
[TimeControl "180+1"]
[Date "2022.03.29"]
[WhiteClock "0:00:07"]
[BlackClock "0:00:20"]

1. Nf3 c6 2. b3 d5 3. Bb2 Bg4 4. e3 Nd7 5. h3 Bh5 6. d3 e6 7. Nbd2 Ngf6 8. g4 Bg6 9. Rg1 h6 10. g5 hxg5 11. Nxg5 Bh5 12. Be2 Bb4 13. a3 Bd6 14. Bxh5 Rxh5 15. Qf3 Qe7 16. c4 O-O-O 17. b4 Kb8 18. O-O-O Ka8 19. Kb1 Be5 20. d4 Bb8 21. Rc1 Nb6 22. Qe2 g6 23. f4 Ne8 24. c5 Nd7 25. b5 Rc8 26. a4 f6 27. Ngf3 e5 28. fxe5 fxe5 29. Rxg6 Qh7 30. Rg1 Nf8 31. Ka1 Nxg6 32. bxc6 Rxc6 33. Nb3 e4 34. Ng5 Qe7 35. h4 Rxh4 36. Na5 Ra6 37. Qb5 Rxa5 38. Qxa5 Qd7 39. Qb4 Ne7 40. Nf7 Nc6 41. Qe1 Rh2 42. Ng5 Nxd4 43. exd4 Qxa4+ 44. Kb1 Qc2+ 0-1


[Site "https://www.chess.com"]

[Event "Titled Tuesday Blitz March 29 Late 2022"]
[White "Harshavardhan G B"]
[Black "Shton, Roman"]
[WhiteFideId "25059009"]
[BlackFideId "14137461"]
[WhiteElo "1831"]
[BlackElo "2013"]
[Result "1-0"]
[Round "03"]
[TimeControl "180+1"]
[Date "2022.03.30"]
[WhiteClock "0:01:00"]
[BlackClock "0:00:02"]

1. e4 Nf6 2. e5 Nd5 3. d4 d6 4. Nf3 Bg4 5. Be2 c6 6. h3 Bxf3 7. Bxf3 dxe5 8. dxe5 e6 9. O-O Nd7 10. Re1 Be7 11. Nd2 Qc7 12. Qe2 O-O 13. c3 a5 14. a4 Nf4 15. Qe4 Ng6 16. Nc4 b5 17. Qxc6 Qxc6 18. Bxc6 bxc4 19. Bxd7 Rad8 20. Bb5 Rc8 21. Re4 Rc5 22. f4 Nh4 23. Be3 Rd5 24. Bxc4 Rd7 25. Bb5 Rd5 26. Bc4 Rd7 27. Rd4 Rc7 28. Bf2 Nf5 29. Re4 Rb8 30. Bb5 Rd8 31. g4 Nh4 32. Re2 Nf3+ 33. Kg2 Nd2 34. Rd1 Nb3 35. Rxd8+ Bxd8 36. Re1 Be7 37. Rd1 Nc5 38. Kf3 g6 39. b4 axb4 40. cxb4 Nb3 41. Be1 h6 42. Rd7 Rxd7 43. Bxd7 Nd4+ 44. Ke4 Nc2 45. Bc3 Nxb4 46. a5 Nd5 47. Bd2 Bc5 48. a6 h5 49. gxh5 gxh5 50. f5 Nc7 51. Bc8 exf5+ 52. Kxf5 Kg7 53. Ba5 Nd5 54. Bb7 Ne3+ 55. Ke4 Nf1 56. Kd5 Ba7 57. Kc6 Ng3 58. Bb6 Bb8 59. Bc8 Ne2 60. Kb7 Bxe5 61. a7 Nf4 62. a8=Q Nxh3 63. Bxh3 Bf6 64. Qe8 h4 65. Bd8 Bxd8 66. Qxd8 Kh7 67. Qxh4+ Kg8 68. Kc7 Kf8 69. Kd7 f6 70. Ke6 f5 71. Bxf5 1-0


[Site "https://www.chess.com"]

[Event "Titled Tuesday Blitz March 29 Late 2022"]
[White "Ider, Borya"]
[Black "Aggelis, Nikolaos"]
[WhiteFideId "4901134"]
[BlackFideId "4213220"]
[WhiteElo "2512"]
[BlackElo "2154"]
[Result "1-0"]
[Round "03"]
[TimeControl "180+1"]
[Date "2022.03.29"]
[WhiteClock "0:02:02"]
[BlackClock "0:00:33"]

1. d4 d5 2. Nf3 c5 3. c4 dxc4 4. d5 e6 5. Nc3 exd5 6. Qxd5 Qxd5 7. Nxd5 Bd6 8. e4 Nc6 9. Bxc4 Nge7 10. O-O O-O 11. Rd1 Nxd5 12. Bxd5 Be7 13. Bxc6 bxc6 14. Be3 Rb8 15. b3 c4 16. bxc4 Be6 17. Ne5 Bf6 18. Nxc6 Rbc8 19. e5 Rxc6 20. exf6 Bxc4 21. fxg7 Kxg7 22. Bxa7 Ra8 23. Bd4+ f6 24. a3 Rd6 25. Bc5 Rxd1+ 26. Rxd1 Kg6 27. f3 h5 28. Kf2 Rc8 29. Bb4 Bb3 30. Rd2 Rc2 31. Rxc2 Bxc2 32. Ke3 Kf5 33. Bc3 Ke6 34. Kf4 Bd1 35. Kg3 Be2 36. Kh4 Bf1 37. Kxh5 Bxg2 38. Kg4 Kf7 39. h4 Bf1 40. a4 Bd3 41. a5 Kg6 42. h5+ Kg7 43. Bd2 Kf7 44. h6 Kg6 45. Kg3 Be2 46. Kf2 Ba6 47. Kg3 Bb7 48. Bc3 f5 49. Bd2 Kh7 50. Kf2 Kg6 51. Bf4 Kh7 52. Bg5 Kg6 53. f4 Ba6 54. Ke3 Bc4 55. Kd4 Be6 56. Kc5 Kf7 57. Kb6 Kf8 58. a6 Bd5 59. a7 Kg8 60. Kc7 Kf7 61. Kb8 Kg6 62. a8=Q Bxa8 63. Kxa8 1-0


[Site "https://www.chess.com"]

[Event "Titled Tuesday Blitz March 29 Late 2022"]
[White "Ilyasli, Ughur"]
[Black "Terrieux, Kevin"]
[WhiteFideId "13416197"]
[BlackFideId "622591"]
[WhiteElo "2045"]
[BlackElo "2482"]
[Result "1-0"]
[Round "03"]
[TimeControl "180+1"]
[Date "2022.03.30"]
[WhiteClock "0:00:07"]
[BlackClock "0:00:02"]

1. d4 d5 2. c4 dxc4 3. Nf3 Nf6 4. e3 a6 5. a4 c5 6. Bxc4 Nc6 7. O-O Bg4 8. h3 Bxf3 9. Qxf3 cxd4 10. Rd1 e6 11. exd4 Be7 12. Nc3 O-O 13. d5 Ne5 14. Qe2 Nxc4 15. Qxc4 Rc8 16. Qb3 Nxd5 17. Nxd5 exd5 18. Qxb7 Bc5 19. Qxa6 Qh4 20. Qe2 Rfe8 21. Qf3 Rc6 22. Be3 Bxe3 23. fxe3 Rce6 24. Rxd5 Rxe3 25. Qf2 Qe7 26. Rdd1 Re2 27. Qf3 Qa7+ 28. Kh1 h6 29. a5 Rf2 30. Qc6 Ree2 31. a6 Rxg2 32. Qxg2 Rxg2 33. Kxg2 f5 34. Rd8+ Kh7 35. b4 f4 36. b5 Qe3 37. a7 Qg3+ 38. Kf1 Qxh3+ 39. Kf2 Qe3+ 40. Kf1 Qh3+ 41. Ke2 Qe3+ 42. Kd1 f3 43. a8=Q Qe2+ 44. Kc1 Qc4+ 45. Kb2 Qb4+ 46. Kc2 Qc4+ 47. Kd2 Qe2+ 48. Kc3 Qe3+ 49. Kb4 Qf4+ 50. Ka5 Qc7+ 51. b6 Qc5+ 52. Ka6 Qc4+ 53. Kb7 Qf7+ 54. Kb8 f2 55. Qe4+ g6 56. Re8 f1=Q 57. Rxf1 Qxf1 58. Qe7+ Qf7 59. Qxf7# 1-0


[Site "https://www.chess.com"]

[Event "Titled Tuesday Blitz March 29 Late 2022"]
[White "Iskusnyh, Sergei"]
[Black "Dreev, Aleksey"]
[WhiteFideId "4120027"]
[BlackFideId "4100107"]
[WhiteElo "2492"]
[BlackElo "2625"]
[Result "0-1"]
[Round "03"]
[TimeControl "180+1"]
[Date "2022.03.29"]
[WhiteClock "0:00:12"]
[BlackClock "0:00:21"]

1. d4 d5 2. c4 c6 3. Nf3 Nf6 4. Qb3 e6 5. Bg5 h6 6. Bh4 Nbd7 7. Nc3 b6 8. cxd5 cxd5 9. e3 Bb7 10. Bb5 Be7 11. Ne5 O-O 12. Nc6 Bxc6 13. Bxc6 Rc8 14. Bb5 Ne8 15. Bg3 Bd6 16. Ba6 Rb8 17. Nb5 Bxg3 18. hxg3 Nc7 19. Nxc7 Qxc7 20. Bd3 Nf6 21. O-O a5 22. Rac1 Qd6 23. Rc3 Rfc8 24. Rfc1 Rxc3 25. Qxc3 Kf8 26. Qc7 Qxc7 27. Rxc7 Ne8 28. Rd7 b5 29. Ra7 a4 30. a3 Nd6 31. f3 Nc4 32. Bxc4 bxc4 33. Rxa4 Rxb2 34. Ra7 Re2 35. a4 Rxe3 36. a5 Ra3 37. a6 g5 38. g4 Kg7 39. Kf2 Kf6 40. Ke2 e5 41. dxe5+ Kxe5 42. Ra8 Kd4 43. Kf2 Kd3 44. a7 d4 45. Kg3 c3 0-1


[Site "https://www.chess.com"]

[Event "Titled Tuesday Blitz March 29 Late 2022"]
[White "Jaferian, Koosha"]
[Black "Meduri, Aakaash"]
[WhiteFideId "12507440"]
[BlackFideId "2032252"]
[WhiteElo "2030"]
[BlackElo "2096"]
[Result "1/2-1/2"]
[Round "03"]
[TimeControl "180+1"]
[Date "2022.03.30"]
[WhiteClock "0:00:08"]
[BlackClock "0:00:05"]

1. Nf3 g6 2. b3 Bg7 3. d4 d6 4. Bb2 Nf6 5. g3 O-O 6. Bg2 c6 7. O-O Bf5 8. c4 Qc8 9. Nc3 Bh3 10. e3 a5 11. Qd2 Bxg2 12. Kxg2 Nbd7 13. Rfd1 Qc7 14. d5 Nc5 15. Rac1 Nce4 16. Nxe4 Nxe4 17. Qc2 Nf6 18. e4 Nd7 19. Bxg7 Kxg7 20. Qc3+ Kg8 21. h4 a4 22. h5 Nf6 23. h6 axb3 24. axb3 Ra2 25. g4 Rfa8 26. Rd2 Qd7 27. g5 Qg4+ 28. Kf1 Rxd2 29. gxf6 Qh3+ 30. Kg1 Rda2 31. fxe7 Qxh6 32. e5 dxe5 33. d6 Qh3 34. Nxe5 Qe6 35. Re1 h5 36. d7 Qxe7 37. Nxg6 Qg5+ 38. Kh1 fxg6 39. Re8+ Kf7 40. Qf3+ Qf5 41. Qxf5+ gxf5 42. d8=Q Rxd8 43. Rxd8 Rxf2 44. Rd7+ Kg6 45. Rxb7 Rb2 46. Rb6 Kg5 47. b4 h4 48. Rxc6 Rxb4 49. Kg2 Rb2+ 50. Kf3 Rb3+ 51. Kf2 Kf4 52. Rc8 Rb2+ 53. Kg1 Kg3 54. Rg8+ Kf3 55. Rh8 Kg4 56. Rg8+ Kh3 57. Rf8 Rg2+ 58. Kf1 Rc2 59. Rxf5 Rxc4 60. Rf3+ Kh2 61. Rf2+ Kh1 62. Rf8 h3 63. Rf7 h2 64. Rf8 Rc1+ 65. Kf2 Rc2+ 66. Kf1 Ra2 67. Rf7 Ra1+ 68. Kf2 Rg1 69. Rf8 Rg2+ 70. Kf1 Rg1+ 71. Kf2 Ra1 72. Rf7 Ra2+ 73. Kf1 Ra6 74. Rf8 Rg6 75. Rf7 Rg5 76. Kf2 Rg4 77. Kf1 Rg6 78. Kf2 Rg1 79. Rf8 1/2-1/2


[Site "https://www.chess.com"]

[Event "Titled Tuesday Blitz March 29 Late 2022"]
[White "Janaszak, Dawid"]
[Black "Ashiev, Eduard"]
[WhiteFideId "1119206"]
[BlackFideId "4130090"]
[WhiteElo "2199"]
[BlackElo "2004"]
[Result "1-0"]
[Round "03"]
[TimeControl "180+1"]
[Date "2022.03.30"]
[WhiteClock "0:01:35"]
[BlackClock "0:00:04"]

1. d4 d5 2. Bf4 Nf6 3. Nc3 a6 4. Nf3 e6 5. g4 c5 6. g5 Ne4 7. Qd3 c4 8. Qe3 Nxc3 9. bxc3 Nc6 10. h4 Qa5 11. Bh3 Bd7 12. h5 O-O-O 13. Ne5 Be8 14. g6 hxg6 15. hxg6 Nxe5 16. Bxe5 Rxh3 17. Rxh3 f6 18. Bh2 Bd7 19. Rh7 Qa3 20. Qg3 e5 21. dxe5 Qb2 22. Rd1 1-0


[Site "https://www.chess.com"]

[Event "Titled Tuesday Blitz March 29 Late 2022"]
[White "Jarocka, Liwia"]
[Black "Szpar, Milosz"]
[WhiteFideId "21807558"]
[BlackFideId "1184989"]
[WhiteElo "1896"]
[BlackElo "2447"]
[Result "0-1"]
[Round "03"]
[TimeControl "180+1"]
[Date "2022.03.30"]
[WhiteClock "0:01:32"]
[BlackClock "0:02:22"]

1. e4 c5 2. a3 g6 3. Nf3 Bg7 4. Nc3 Nc6 5. Be2 e5 6. O-O Nge7 7. d3 O-O 8. Be3 d6 9. Nd2 f5 10. f4 exf4 11. Bxf4 Nd4 12. Kh1 Be6 13. Nf3 Nec6 14. Nxd4 Nxd4 15. exf5 Nxf5 16. Bf3 Qd7 17. Qd2 Kh8 18. Rae1 Nd4 19. Bd5 Bxd5 20. Nxd5 Rf7 21. c3 Nc6 22. Bg3 Raf8 23. Rxf7 Qxf7 24. c4 Qf1+ 0-1


[Site "https://www.chess.com"]